[Event "1st Serbian League 2022"]
[Site "Vrnjacka Banja"]
[Date "2022.09.29"]
[Round "10.1"]
[White "Sanal, Vahap"]
[Black "Demchenko, Anton"]
[Result "0-1"]
[ECO "B06"]
[WhiteElo "2595"]
[BlackElo "2645"]
[Annotator "TA"]
[PlyCount "120"]
[EventDate "2022.09.20"]
[EventType "team-tourn"]
[EventCountry "SRB"]
[SourceTitle "playchess.com"]
[Source "ChessBase"]
[SourceQuality "1"]
[TimeControl "40/5400+30:1800+30"]

1. e4 g6 2. d4 Bg7 3. Nc3 d6 4. Bg5 a6 5. Qd2 Nd7 6. O-O-O {[%emt 0:01:36] B06: Modern Defence.} b5 7. Kb1 Bb7 8. f3 {[%emt 0:11:46] The position is equal.} c5 9. Be3 {[%emt 0:02:15] [#]} (9. Nge2 $142) 9... Rc8 $146 ({Predecessor:} 9... Ngf6 10. e5 dxe5 11. dxe5 Nxe5 12. Qxd8+ Rxd8 13. Rxd8+ Kxd8 14. Bxc5 Nfd7 15. Bd4 f6 {0-1 (34) Stankovic,M (1779)-Drljevic,L (2189) Novi Banovci 2020}) 10. h4 Ngf6 11. g4 h6 12. dxc5 Nxc5 13. Rh2 b4 14. Nce2 Qc7 15. Nd4 Nfd7 16. h5 (16. Qxb4 d5 17. Rf2 dxe4 $15) 16... g5 17. Qxb4 e6 18. Rhd2 (18. Nb3 $14) 18... O-O $11 19. Nb3 d5 (19... a5 $11 20. Qa3 (20. Nxa5 Bxe4 21. Bb5 Bh7 $11) 20... Ne5) 20. exd5 (20. Nxc5 $16 Nxc5 21. exd5 (21. Bxc5 a5 $11)) 20... Nxb3 21. axb3 ({White should play} 21. cxb3 $16 Bxd5 22. Bc4 (22. Bxa6 Rb8 $11)) 21... Bxd5 22. Bd4 Bxd4 (22... a5 $11 {keeps the balance.} 23. Qc3 Qxc3 24. bxc3 Bxd4 25. Rxd4 Rxc3) 23. Qxd4 $16 Ne5 {[%emt 0:00:04] Inhibits Bc4.} 24. Be2 (24. Bxa6 Ra8 25. Be2 Rfb8 $19) 24... a5 25. f4 ({Better is} 25. c4 $1 $16 Bb7 26. Qc3) 25... gxf4 $11 26. Rf1 {[%emt 0:04:50] Inhibits f3.} a4 $1 27. bxa4 (27. Qxa4 $2 Ra8 28. Qxf4 Qa5 $19) 27... Nc4 28. Bxc4 Bxc4 (28... Qxc4 29. Qxc4 Rxc4 30. b3 $16) 29. Rfd1 ({But not} 29. Rxf4 e5 30. Qxc4 Qxc4 31. Rxc4 Rxc4 $17) 29... Rfd8 30. Qc3 (30. Qxd8+ $11 {is superior.} Rxd8 31. Rxd8+ Kg7 32. b3) 30... Rxd2 $15 {[%emt 0:00:26] Chess con chili.} 31. Qxd2 e5 $1 32. Nh3 Be6 (32... Bd5 $5) 33. Nf2 $2 (33. b3 $1 $11) 33... Qc6 $19 34. Nd3 $2 (34. Qe2 {was worth a try.} Qxa4 35. b3) 34... Qxa4 $2 (34... f3 $1 $19 {has better winning chances.} 35. b3 e4) 35. b3 $17 Qd4 36. Qg2 {[%emt 0:01:22] Against Ra8} (36. Qe2 Qc3 37. Qd2 Qxd2 38. Rxd2) 36... Qc3 (36... e4 $142 {...f3 is the strong threat.} 37. Nb2 f3 38. Qxf3 Qxb2+ 39. Kxb2 exf3) 37. Qd2 $19 Qd4 (37... Bxg4 38. Qxc3 Rxc3 39. Rg1 $14) (37... Qxd2 38. Rxd2 f6) 38. Qg2 Bd5 $2 (38... e4 $19 {is more deadly.} 39. Nb2 f3 40. Qxf3 Qxb2+ 41. Kxb2 exf3) 39. Qf2 $17 Qc3 $40 {[%emt 0:00:21][%mdl 128] And now ...Ra8 would win. White is in trouble.} 40. Qd2 Bf3 {[%emt 0:00:49][%csl LRd1,LRg4] Black has more active pieces.} 41. Qxc3 Rxc3 {[%emt 0:00:02][%mdl 4096] Endgame KRB-KRN} 42. Re1 (42. Kb2 $17 Rxb3+ 43. Kxb3 Bxd1 44. Nxe5) 42... f6 $19 ({Much less strong is} 42... Bxg4 43. Kb2 Rc7 44. Rg1 $14 (44. Rxe5 f3 $11)) 43. Kb2 Rc8 44. c4 Kf7 $1 45. Nf2 Ke6 46. Kc3 Ra8 {[%emt 0:02:15] Prevents Ra1.} 47. Kb2 $2 (47. Nd3 Kd6 48. Rg1) 47... Rd8 48. Kc3 {[%emt 0:00:09] [#] Prevents Rd2.} f5 $1 49. Nd3 {[%emt 0:00:07] [#]} (49. gxf5+ {was the only chance.} Kxf5 50. b4) 49... Rxd3+ $1 50. Kxd3 fxg4 {[%emt 0:00:05] KR-KB} 51. b4 g3 {[%emt 0:00:26] White must now prevent ...g2.} 52. b5 g2 {[%emt 0:01:27] aiming for ...e4+.} 53. c5 $2 (53. b6) 53... Kd5 54. c6 e4+ 55. Kd2 Kd4 {[%emt 0:03:43] Black mates.} 56. Rg1 e3+ 57. Kc1 Kd3 58. Kb2 e2 59. Rc1 Kd2 60. b6 {[%emt 0:00:36] [#]} Bxc6 $1 {[%emt 0:02:01][%mdl 576] Promotion.  Weighted Error Value: White=0.58/Black=0.26 (precise)} 0-1

[Event "1st Serbian League 2022"]
[Site "Vrnjacka Banja"]
[Date "2022.09.29"]
[Round "10.2"]
[White "Atalik, Suat"]
[Black "Gurel, Ediz"]
[Result "1-0"]
[ECO "D12"]
[WhiteElo "2436"]
[BlackElo "2437"]
[Annotator "TA"]
[PlyCount "107"]
[EventDate "2022.09.20"]
[EventType "team-tourn"]
[EventCountry "SRB"]
[SourceTitle "playchess.com"]
[Source "ChessBase"]
[SourceQuality "1"]
[TimeControl "40/5400+30:1800+30"]

1. d4 d5 2. c4 c6 3. e3 Nf6 4. Nc3 Bf5 5. Nf3 e6 6. Nh4 Be4 7. f3 Bg6 {[%emt 0:00:04] D12: Slav Defence: 3 Nf3 Nf6 4 e3 Bf5.} 8. Bd2 Be7 9. Nxg6 hxg6 {[%emt 0:00:02] The position is equal.} 10. Qc2 a5 {[%emt 0:06:40] [#]} 11. cxd5 $146 ({Predecessor:} 11. g3 O-O 12. Kf2 c5 13. dxc5 Bxc5 14. cxd5 exd5 15. Kg2 Nc6 16. Bb5 d4 17. Nd1 dxe3 18. Nxe3 {0-1 (38) Sorokin,A (2536)-Gledura,B (2652) Dulles 2022}) 11... Nxd5 12. g3 Na6 13. a3 Nac7 (13... c5 $11 {remains equal.}) 14. Bg2 Rc8 15. Ne2 Nb5 16. e4 Nf6 17. Be3 O-O 18. Rd1 Qb6 19. Qb3 Qa6 20. Nf4 ({White should try} 20. a4 $14 Nc7 21. Nf4) 20... Rfd8 (20... a4 $11 21. Qc4 Nd7) 21. a4 {[%emt 0:03:32] Hoping for Bf1.} Nc7 $1 22. Kf2 b5 (22... c5 $5) 23. Rhe1 (23. Nd3 $14) 23... bxa4 24. Qxa4 Rb8 (24... Bb4 $11) 25. Qc2 Qb5 26. Nd3 $36 {[%emt 0:01:10][%mdl 2048] White has good play.} Na6 $1 27. Bf1 Nb4 28. Nxb4 Qxb4 29. Rb1 Rbc8 (29... g5 $11) 30. Qc3 $14 Qb8 31. Red1 ({But not} 31. Qxa5 Bb4 32. Qa4 Bxe1+ 33. Kxe1 Qb7 $15) 31... Bb4 32. Qc2 Qb7 {[%emt 0:03:41][%cal Oc6c5] Against Ba6} 33. Kg2 Rc7 ({Black should play} 33... c5 $14 34. dxc5 Rxd1 35. Rxd1 Nd7) 34. Be2 c5 35. dxc5 Rdc8 36. Qd3 Bxc5 37. Bf4 Rc6 38. Rdc1 Ba7 39. Qb5 Qxb5 40. Bxb5 Rc2+ 41. Kh1 Bd4 42. Ba4 {[%emt 0:00:00] A strong pair of Bishops.} R2c5 43. Rxc5 Rxc5 44. Rc1 Rxc1+ 45. Bxc1 {[%emt 0:00:00][%mdl 4096] Endgame KBB-KBN} Kf8 46. b3 Ke7 (46... Bc3 $14) 47. Bd2 $16 Bb6 48. b4 axb4 49. Bxb4+ Kd8 50. Bf8 $1 Nh5 51. f4 Bd4 {[%emt 0:00:00] [#]} ({Better is} 51... Be3 $14) 52. e5 $1 g5 53. Kg2 (53. Bd1 $16 Ke8 54. Bd6) 53... f6 $2 {[%emt 0:06:38][%mdl 8192] [#]} (53... g4 $14) 54. f5 $1 {[%emt 0:00:00] Weighted Error Value: White=0.17 (very precise) /Black=0.28 (precise)} 1-0

[Event "1st Serbian League 2022"]
[Site "Vrnjacka Banja"]
[Date "2022.09.29"]
[Round "10.3"]
[White "Markus, Robert"]
[Black "Vucinic, Gojko"]
[Result "1-0"]
[ECO "D80"]
[WhiteElo "2615"]
[BlackElo "2380"]
[Annotator "TA"]
[PlyCount "81"]
[EventDate "2022.09.20"]
[EventType "team-tourn"]
[EventCountry "SRB"]
[SourceTitle "playchess.com"]
[Source "ChessBase"]
[SourceQuality "1"]
[TimeControl "40/5400+30:1800+30"]

1. d4 Nf6 2. c4 g6 3. Nc3 d5 4. e3 Bg7 5. Qb3 e6 6. Qa3 a5 {[%emt 0:02:01] D80: Grünfeld: Unusual White 4th moves and 4 Bg5.} 7. Nf3 Nc6 8. Bd2 Nb4 {[%emt 0:04:00] Threatens to win with ...Nc2+. The position is equal.} 9. Qb3 {[%emt 0:02:10] Against Nc2+} O-O 10. a3 dxc4 11. Bxc4 Nbd5 12. O-O b6 {[%emt 0:00:35] [#]} 13. Rac1 $146 ({Predecessor:} 13. Ne5 Bb7 14. Rfd1 Nd7 15. Nxd7 Qxd7 16. Nxd5 exd5 17. Be2 c5 18. Qxb6 c4 19. Bxa5 {1-0 (49) Holt,C (2549)-Hnydiuk,A (2411) Chess.com INT 2020}) 13... Bb7 14. Nxd5 exd5 15. Bb5 Qd6 {[%emt 0:00:05] Prevents Bc6.} 16. Qc2 c6 17. Bxc6 Rac8 18. Bxb7 ({Don't blunder} 18. Ne5 $2 Ne4 19. Rfd1 Bxe5 20. dxe5 Qe7 $19) 18... Rxc2 19. Rxc2 Rb8 20. Bc8 Ne4 21. Rfc1 Nxd2 22. Nxd2 b5 23. Bh3 (23. Rc7 $1 $16) 23... Bf8 $1 $11 24. g3 {[%emt 0:11:36] Black should prevent Nf3.} a4 $1 25. Nf3 {[%emt 0:11:31] next Ne5 is good for White.} b4 26. axb4 Rxb4 27. Ne5 $1 {[%emt 0:00:47] Rc6 is the strong threat.} Rb3 ({Black should try} 27... Rb7 $14) 28. Bf1 {[%emt 0:07:19] White is more active.} ({White should play} 28. Rc7 $16 {Strongly threatening R1c6.} Rxb2 29. Rxf7) 28... Qb6 {[%emt 0:03:27][%mdl 8192] [#]} (28... Qe6 $11 {and Black has nothing to worry.}) 29. Rc8 $1 $18 Qb4 $2 (29... Rxb2 $2 {[#]} 30. Rxf8+ $1 (30. Nd7 Qd6 $11) 30... Kxf8 31. Nd7+ Ke7 32. Nxb6 $18) (29... Qa7 30. Rd8 (30. R1c7 Rb7 $16) 30... Qe7) 30. R1c7 ({Weaker is} 30. Nd7 Rxb2 31. Nxf8 (31. Rxf8+ Kg7 $17) 31... Kg7 32. Ne6+ (32. Nd7 $2 Qd2 $19) 32... fxe6 33. R1c7+ Kf6 $11) 30... Rxb2 31. Nd3 (31. Nxf7 $142 a3 32. Nh6+ Kh8 33. Rf7) 31... Qd2 {[%emt 0:00:50] Hoping for ...Rb1.} 32. Nxb2 Qxb2 33. Bg2 Qb3 (33... Qb1+ {might work better.} 34. Rc1 Qb7) 34. Bf3 a3 35. Ra8 Kg7 $2 (35... h5 36. Kg2 h4) 36. Kg2 {[%emt 0:01:37] aiming for Raa7.} Bb4 $2 (36... a2 $18 37. Rca7 Bb4 38. Rxa2 Be1) 37. Rd7 (37. Raa7 $142 Kg8 38. Rxf7 Bf8 39. Rfd7 h6 40. Bxd5+ Qxd5+ 41. Rxd5 a2 42. Rxa2) 37... Be1 38. Bxd5 Qb5 39. Rxf7+ Kh6 40. e4 Qb2 41. Raa7 {[%emt 0:32:10] Weighted Error Value: White=0.35/Black=0.86} 1-0

[Event "1st Serbian League 2022"]
[Site "Vrnjacka Banja"]
[Date "2022.09.29"]
[Round "10.4"]
[White "Saric, Sinisa"]
[Black "Kovacevic, Aleksandar"]
[Result "0-1"]
[ECO "E35"]
[WhiteElo "2372"]
[BlackElo "2471"]
[Annotator "TA"]
[PlyCount "142"]
[EventDate "2022.09.20"]
[EventType "team-tourn"]
[EventCountry "SRB"]
[SourceTitle "playchess.com"]
[Source "ChessBase"]
[SourceQuality "1"]
[TimeControl "40/5400+30:1800+30"]

1. d4 Nf6 2. c4 e6 3. Nc3 Bb4 4. Qc2 d5 5. cxd5 exd5 6. Bg5 c5 7. dxc5 h6 8. Bh4 {[%emt 0:00:00] E35: Nimzo-Indian: Classical: 4...d5 5 cxd5 exd5.} O-O 9. e3 Be6 10. Nf3 {[%emt 0:00:00] The position is equal.} Nbd7 11. Be2 Rc8 12. O-O Nxc5 13. a3 Bxc3 14. Qxc3 g5 15. Bg3 Nfe4 16. Qe1 {[%emt 0:00:00] [#]} Nxg3 $146 ({Predecessor:} 16... Bf5 17. Qd1 Nxg3 18. hxg3 Be4 19. Nd4 Qf6 20. Rc1 Ne6 21. Qd2 Nxd4 22. exd4 Kg7 {½-½ (60) Martinovic,S (2558)-Volokitin,A (2635) Skopje 2019}) 17. hxg3 Nb3 18. Rd1 Qb6 19. Bd3 Rfe8 (19... Rfd8 {with more complications.} 20. Bb1 d4 21. exd4 Nxd4 22. Qe5 Rc5) 20. Qb4 Qxb4 21. axb4 Bg4 22. Bb1 {[%emt 0:00:00] Strongly threatening Ba2.} Rc4 23. Rxd5 Rxb4 24. Rfd1 (24. Bf5 $11 Bxf5 25. Rxf5) 24... Be6 25. Rd8 Kf8 26. Ne5 (26. R8d3 $15) 26... Nc5 27. Rxe8+ Kxe8 28. Rd2 Na4 29. Nd3 Rb5 30. Bc2 Nb6 {[%emt 0:01:04] Black is more active.} (30... Nxb2 31. Nxb2 Rxb2 32. Ba4+ b5 33. Rxb2 $16) 31. Bd1 Ke7 32. e4 (32. Kf1 $15) 32... Bc4 (32... Nc4 $17 33. Re2 (33. Rc2 Nd6 $15) 33... Nd6) 33. Ne1 (33. Nc1 $1 $15) 33... Rb4 (33... a5 $17) 34. f3 $1 $15 a5 35. Kf2 a4 36. f4 ({White should play} 36. Ke3) 36... Bb5 37. Rc2 Bc6 (37... Rxe4 38. fxg5 hxg5 39. Rc7+ Kd6 40. Rxb7 $15) 38. Bf3 g4 $1 (38... Bxe4 39. Bxe4 Rxe4 40. Rc7+ Ke6 41. Rxb7 $15) 39. Nd3 (39. Bxg4 $17 {was called for.} Bxe4 40. Re2) 39... Rb3 $19 40. Nc5 gxf3 41. Nxb3 axb3 42. Rc3 Na4 (42... Bxe4 43. Re3 $18) 43. Rxb3 fxg2 44. Kxg2 Nc5 45. Ra3 (45. Rc3 $17 Nxe4 46. Re3) 45... f5 ({Weaker is} 45... Nxe4 46. Kh3 $17) ({Inferior is} 45... Bxe4+ 46. Kf2 $17) (45... Nd3 $19 46. Rxd3 Bxe4+ 47. Rf3 Kf6) 46. b4 (46. Kf3 $17) 46... Bxe4+ ({Not} 46... Nxe4 47. Kh3 $17) 47. Kh3 Nd3 48. b5 Kd6 $1 {[%emt 0:03:36] And now ...Kc5 would win.} 49. Rc3 Nf2+ (49... Nc5 $19 50. Kh4 b6) 50. Kh4 $17 Bd3 51. b6 Be4 52. Kh5 Ng4 53. Kg6 {[%emt 0:05:05] [#]} Kd5 $1 54. Rc1 Kd4 {[%emt 0:00:03] Against Rc3} 55. Rc7 Ke3 {[%emt 0:00:06] Threatens to win with ...Kf2.} 56. Rc3+ Kf2 57. Kh5 Ne3 58. Kxh6 $2 {[%emt 0:00:25][%mdl 8192] [#]} (58. Ra3 $17) 58... Nf1 $1 $19 59. Kg5 Nxg3 60. Ra3 Ne2 {[%emt 0:00:06] Hoping for ...Ng1.} 61. Rh3 Ng1 62. Rh7 Nf3+ 63. Kf6 Nd4 64. Rh3 Kg2 65. Ra3 Kf2 (65... Nf3 $142 66. Ra5 Ne1) 66. Rh3 $1 Ke2 {[%emt 0:00:29] ...Nf3 is the strong threat.} 67. Ra3 Nc6 68. Ke6 Nb4 69. Ra7 (69. Kf6 $142) 69... Nd3 {[%emt 0:00:05] Black is clearly winning.} 70. Kf6 Nxf4 71. Ke5 Ke3 {[%emt 0:04:04] Weighted Error Value: White=0.28 (precise) /Black=0.11 (very precise)} 0-1

[Event "1st Serbian League 2022"]
[Site "Vrnjacka Banja"]
[Date "2022.09.29"]
[Round "10.5"]
[White "Brenjo, Slavisa"]
[Black "Milosevic, Milos"]
[Result "1/2-1/2"]
[ECO "B94"]
[WhiteElo "2409"]
[BlackElo "2379"]
[Annotator "TA"]
[PlyCount "44"]
[EventDate "2022.09.20"]
[EventType "team-tourn"]
[EventCountry "SRB"]
[SourceTitle "playchess.com"]
[Source "ChessBase"]
[SourceQuality "1"]
[TimeControl "40/5400+30:1800+30"]

1. e4 c5 2. Nf3 d6 3. d4 cxd4 4. Nxd4 Nf6 5. Nc3 a6 6. Bg5 Nbd7 7. f4 {[%emt 0:01:49] 7.Qe2 is a critical line.} Qc7 8. Qf3 {[%emt 0:10:31] B94: Sicilian Najdorf: 6 Bg5 Nbd7.} h6 9. Bxf6 Nxf6 10. f5 {[%emt 0:01:57] White has an edge.} Qc5 11. O-O-O g5 12. fxg6 {[%emt 0:00:39] [#] Nd5 is the strong threat.} Bg4 13. gxf7+ Kxf7 14. Qd3 {[%emt 0:00:18] Black must now prevent Be2.} Bxd1 15. Nxd1 {[%emt 0:01:44] Pair of Knights!} Bg7 16. g3 {[%emt 0:03:27] And now Bh3 would win.} Nxe4 17. Qxe4 Bxd4 18. c3 {[%emt 0:04:19] The board is on fire.} Bf6 19. Bc4+ Ke8 {[%emt 0:00:25] [#] The position is equal.} 20. Qxb7 $146 ({Predecessor:} 20. Rf1 Rf8 21. Kc2 Rc8 22. Ne3 Qc6 23. Bd5 Qb5 24. Rf2 Rc5 25. a4 Qd7 26. Kb1 h5 27. Rf3 a5 28. Nf5 Rxd5 29. Qxd5 Be5 30. Ne3 Rxf3 31. Qxf3 Qxa4 {½-½ (31) Delgado Ramos,H (2370)-Perez Rodriguez,R (2386) ICCF email 2018}) 20... Qxc4 21. Qxa8+ Kf7 22. Qf3 {[%emt 0:00:19] Black should prevent a3.} Qxa2 {[%emt 0:00:17] An even fight not without its subleties.  Weighted Error Value: White=0.04 (flawless) /Black=0.04 (flawless)} 1/2-1/2

[Event "1st Serbian League 2022"]
[Site "Vrnjacka Banja"]
[Date "2022.09.29"]
[Round "10.6"]
[White "Markovic, Miroslav"]
[Black "Omorjan, Dejan"]
[Result "1/2-1/2"]
[ECO "A05"]
[WhiteElo "2275"]
[BlackElo "2265"]
[Annotator "TA"]
[PlyCount "30"]
[EventDate "2022.09.20"]
[EventType "team-tourn"]
[EventCountry "SRB"]
[SourceTitle "playchess.com"]
[Source "ChessBase"]
[SourceQuality "1"]
[TimeControl "40/5400+30:1800+30"]

1. e4 c5 2. c3 Nf6 3. d3 Nc6 4. Nf3 d6 5. g3 g6 6. Bg2 Bg7 7. O-O O-O 8. a3 Rb8 {[%emt 0:12:16] A05: Réti Opening: 1 Nf3 Nf6.} 9. Re1 e5 10. Nbd2 b5 11. a4 {[%emt 0:13:21] [#]} a6 $146 ({Predecessor:} 11... b4 12. Nc4 Be6 13. Bg5 Qc7 14. Ne3 bxc3 15. bxc3 Na5 16. Nd2 h6 17. Bxf6 Bxf6 {½-½ (32) Rubio Doblas,R (2209)-Santamaria Perez,T (2320) ICCF email 2011}) 12. axb5 axb5 13. Nf1 h6 14. Ne3 Be6 15. d4 cxd4 {[%emt 0:02:46] A rather calm draw.  Weighted Error Value: White=0.03 (flawless) /Black=0.05 (flawless)} (15... Nxe4 $2 16. d5 $18) 1/2-1/2

[Event "1st Serbian League 2022"]
[Site "Vrnjacka Banja"]
[Date "2022.09.29"]
[Round "10.7"]
[White "Sarana, Alexey"]
[Black "Tadic, Stefan"]
[Result "0-1"]
[ECO "D17"]
[WhiteElo "2662"]
[BlackElo "2318"]
[Annotator "TA"]
[PlyCount "72"]
[EventDate "2022.09.20"]
[EventType "team-tourn"]
[EventCountry "SRB"]
[SourceTitle "playchess.com"]
[Source "ChessBase"]
[SourceQuality "1"]
[TimeControl "40/5400+30:1800+30"]

1. d4 d5 2. Nf3 Nf6 3. c4 c6 4. Nc3 dxc4 5. a4 Bf5 6. Ne5 e6 7. f3 Bb4 8. e4 Bxe4 9. fxe4 Nxe4 10. Bd2 Qxd4 11. Nxe4 Qxe4+ {[%emt 0:00:09] D17: Slav Defence: 5 a4 Bf5: Lines with 6 Nh4 and 6 Ne5.} 12. Qe2 Bxd2+ 13. Kxd2 Qd5+ {[%emt 0:00:09] The position is equal.} 14. Kc1 {[%emt 0:00:04] Recently 14.Kc3 got a lot of attention.} O-O 15. Qe3 b5 (15... Rd8 16. Bxc4 Qd4 17. Qe2 $16) (15... Na6 $5 ) 16. Be2 Nd7 17. Nxd7 Qxd7 18. axb5 cxb5 19. Bf3 Rac8 20. Rxa7 Qd6 21. Kc2 b4 $1 {[%emt 0:04:51] [#]} 22. h4 $146 ({Predecessor:} 22. h3 c3 23. b3 Rfd8 24. Rd1 Qg3 25. Rdd7 Rxd7 26. Rxd7 h5 27. Qd4 e5 28. Rd8+ Rxd8 29. Qxd8+ {½-½ (37) Baramidze,D (2591)-Vallejo Pons,F (2716) Germany 2012}) 22... h6 23. Rd1 Qg3 24. h5 (24. Ra4 $5 ) 24... Rfd8 25. Rd4 Rxd4 26. Qxd4 Qe1 {[%emt 0:00:22][%csl Gc4][%cal Rb4b3] [#]} 27. Bd1 (27. b3 $2 cxb3+ 28. Kxb3 Qb1+ 29. Ka4 Qc2+ 30. Ka5 b3 $19) 27... Qf1 {[%emt 0:08:36] Really sharp!} 28. Kc1 Qxg2 $40 {[%emt 0:02:55][%mdl 128] Hoping for ...c3. White needs to defend precisely.} 29. Qf4 $2 {[%emt 0:01:13][%mdl 8192] Now White is beyond hope.} ({Don't play} 29. Qd7 Qg5+ 30. Kb1 Rf8 $17) (29. Qd2 $11 Qe4 30. Qf2) 29... c3 $19 30. bxc3 bxc3 {[%emt 0:00:29][%csl Gc3][%cal Rg2b2,Bb4c3,Bc3c2][%mdl 32] [#]} 31. Qxf7+ Kh8 32. Be2 Qg5+ ({Weaker is} 32... c2 33. Rc7 Qh1+ 34. Kxc2 Qe4+ 35. Bd3 Qg2+ 36. Kc3 $11) 33. Kc2 Qd2+ 34. Kb3 Qb2+ 35. Ka4 c2 36. Re7 Ra8+ {[%emt 0:00:06] Weighted Error Value: White=0.45/Black=0.05 (flawless)} 0-1

[Event "1st Serbian League 2022"]
[Site "Vrnjacka Banja"]
[Date "2022.09.29"]
[Round "10.8"]
[White "Ivanovic, Marko"]
[Black "Ivic, Velimir"]
[Result "0-1"]
[ECO "C56"]
[WhiteElo "2265"]
[BlackElo "2553"]
[Annotator "TA"]
[PlyCount "38"]
[EventDate "2022.09.20"]
[EventType "team-tourn"]
[EventCountry "SRB"]
[SourceTitle "playchess.com"]
[Source "ChessBase"]
[SourceQuality "1"]
[TimeControl "40/5400+30:1800+30"]

1. e4 e5 2. Nf3 Nc6 3. d4 exd4 4. Bc4 Nf6 5. e5 Ne4 6. Qe2 Nc5 $1 (6... Bb4+ $2 7. Kd1 $16) 7. O-O {[%emt 0:00:06] C56: Two Knights: 4 d4 exd4 5 0-0 Nxe4.} Ne6 {[%emt 0:04:56] is now debated instead of 7...Be7.} 8. c3 d5 9. exd6 $1 {[%emt 0:00:57] The position is equal.} Bxd6 10. cxd4 {[%emt 0:00:06] d5 is the strong threat.} O-O 11. Be3 {[%emt 1:32:53] Hoping for d5.} Nf4 12. Qd2 (12. Bxf4 $11 Bxf4 13. Qe4) 12... Qf6 $15 {[%emt 0:01:34][%cal Of4g2] aiming for ...Nxg2!} 13. Nc3 $2 {[%emt 0:00:00] [#]} (13. Ne1 $15) 13... Nxg2 $1 $19 14. Kxg2 {[%emt 0:00:00] [#]} (14. Ne1 Qh4 15. f4 Nxe3 16. Qxe3) 14... Bh3+ $1 {[%emt 0:00:28][%mdl 576] Skewer, Deflection, Decoy} 15. Kxh3 (15. Kg1 Qxf3) 15... Qxf3+ {[%emt 0:00:07] Black mates.} 16. Kh4 {[%emt 0:00:00] [#]} Nxd4 $146 ({Predecessor:} 16... Ne7 17. Bd3 Ng6+ 18. Bxg6 fxg6 19. Qe2 Be7+ 20. Bg5 Rf4# {0-1 (20) Snarheim,D (2216)-Ostmoe,G (2285) Asker 2003}) 17. Qxd4 (17. Bd3 g6) 17... Be7+ 18. Bg5 Bxg5+ 19. Kxg5 h6+ {[%emt 0:00:04] White did not feel at home in the position after the opening.  Weighted Error Value: White=0.98/Black=0.01 (flawless)} 0-1

[Event "1st Serbian League 2022"]
[Site "Vrnjacka Banja"]
[Date "2022.09.29"]
[Round "10.10"]
[White "Arsovic, Zoran"]
[Black "Djukic, Nikola"]
[Result "1/2-1/2"]
[ECO "A34"]
[WhiteElo "2362"]
[BlackElo "2536"]
[Annotator "TA"]
[PlyCount "81"]
[EventDate "2022.09.20"]
[EventType "team-tourn"]
[EventCountry "SRB"]
[SourceTitle "playchess.com"]
[Source "ChessBase"]
[SourceQuality "1"]
[TimeControl "40/5400+30:1800+30"]

1. Nf3 Nf6 2. c4 g6 3. g3 Bg7 4. Bg2 O-O 5. O-O d5 6. cxd5 Nxd5 7. Nc3 c5 8. Nxd5 Qxd5 9. d4 cxd4 10. Be3 $1 {[%emt 0:00:45][%mdl 64] Pin. A34: Symmetrical English: 2 Nc3, lines with ...d5.} Qh5 11. Nxd4 Nd7 {[%emt 0:00:00] [#]} 12. Rc1 $146 {[%emt 0:21:12] The position is equal.} ({Predecessor:} 12. Bf3 Qa5 13. Qe1 Qa6 14. Qb4 Ne5 15. Bg2 Nc4 16. Qxe7 Nxb2 17. Rab1 Nc4 18. Bxb7 Bxb7 19. Qxb7 {½-½ (48) Musalov,R (2332)-Khegay,D (2478) Moscow 2017}) 12... Nf6 13. Nf3 (13. h4 {is more complex.} Rd8 14. Qb3 Ng4 15. Rfd1) 13... Qb5 14. b3 Qa6 15. Qd3 Qxd3 16. exd3 Rd8 17. Bc5 Nd5 18. Rfe1 Bf6 19. Ne5 Be6 20. a4 Rdc8 21. Nd7 {[%emt 0:05:21] [#]} Bc3 $1 $17 ({Much weaker is} 21... Bxd7 22. Bxd5 Bc6 23. Bxe7 $11) 22. Rxe6 fxe6 23. Bxd5 exd5 24. Rxc3 Rc7 25. Ne5 {[%emt 0:00:21] [#]} Rac8 $1 26. d4 b6 27. b4 bxc5 28. bxc5 {[%emt 0:00:38][%mdl 4096] Endgame KRR-KRN} Rb8 {[%emt 0:00:00] Inhibits Rb3.} 29. Nd3 {[%emt 0:00:21] Against Rb4} Rb1+ 30. Kg2 Ra1 (30... e6 $17) 31. Nf4 $11 e6 32. Nxe6 Rc8 33. Nf4 Rd8 ({Better is} 33... Rxa4 $11 34. Nxd5 Kf7) 34. c6 $14 {[%emt 0:02:08][%cal Of4d5] Threatens to win with Nxd5!} Rxa4 {[%emt 0:00:15] [#]} 35. Nxd5 $1 {[%emt 0:01:07] Strongly threatening c7. White is more active.} Rxd4 (35... Rxd5 $2 36. c7 Rf5 37. c8=Q+ $18) 36. c7 R4xd5 37. c8=Q Rxc8 38. Rxc8+ Kg7 39. Rc7+ Kg8 40. Rxa7 h5 41. h3 {[%emt 0:30:36] Weighted Error Value: White=0.08 (flawless) /Black=0.09 (flawless)} 1/2-1/2